 Dungeon Crawl Stone Soup version 0.18.1-48-g4cf74bf (webtiles) character file.

16 Implojin the Chopper (level 2, -1/26 HPs)
             Began as a Minotaur Abyssal Knight on June 29, 2016.
             Was an Initiate of Lugonu.
             Slain by a gnoll
             ... wielding a +0 halberd
              (14 damage)
             ... on level 3 of the Dungeon.
             The game lasted 00:01:06 (197 turns).

Implojin the Chopper (Minotaur Abyssal Knight)       Turns: 197, Time: 00:01:06

Health: -1/26      AC:  3    Str: 16    XL:     2   Next: 37%
Magic:  2/2        EV: 11    Int:  9    God:    Lugonu [......]
Gold:   26         SH:  0    Dex:  9    Spells: 0 memorised, 1 level left

rFire  . . .     SeeInvis .     a - +1 hand axe
rCold  . . .     Gourm    .     b - +0 leather armour
rNeg   . . .     Faith    .     (no shield)
rPois  .         Spirit   .     (helmet restricted)
rElec  .         Dismiss  .     (no cloak)
rCorr  .         Reflect  .     (no gloves)
SustAt .         Harm     .     (no boots)
MR     .....                    (no amulet)
Stlth  +.........               (no ring)
                                (no ring)

@: not resistant to hostile enchantments, very unstealthy
A: retaliatory headbutt, horns 2
a: Renounce Religion


You were on level 3 of the Dungeon.
You worshipped Lugonu.
Lugonu was noncommittal.
You were not hungry.

You visited 1 branch of the dungeon, and saw 3 of its levels.
You visited the Abyss 1 time.

You collected 26 gold pieces.

Inventory:

Hand Weapons
 a - a +1 hand axe (weapon)
Armour
 b - a +0 leather armour (worn)
Potions
 d - a potion of invisibility {unknown}
 e - a potion of haste {unknown}
Comestibles
 c - a bread ration


   Skills:
 - Level 3.6 Fighting
 * Level 3.7 Axes
 - Level 2.4 Armour
 - Level 1.1 Dodging
 - Level 1.7 Invocations


You had one spell level left.
You didn't know any spells.

Dungeon Overview and Level Annotations

Branches:
Dungeon (3/15)

Altars:
Ru


Innate Abilities, Weirdness & Mutations

You reflexively headbutt those who attack you in melee.
You have a pair of horns on your head.


Message History

You barely miss the giant cockroach.
The giant cockroach bites you but does no damage.
Unknown command.
You closely miss the giant cockroach. The giant cockroach barely misses you.
You hit the giant cockroach.
The giant cockroach is severely wounded.
The giant cockroach bites you.
* * * LOW HITPOINT WARNING * * *
The giant cockroach barely misses you. You furiously retaliate!
You headbutt the giant cockroach.
You kill the giant cockroach!
Lugonu accepts your kill.
You see here a giant cockroach corpse.
Found a stone staircase leading up.
Found 11 gold pieces.
A rat comes into view.
A gnoll comes into view. It is wielding a halberd.
The gnoll shouts!
A gnoll comes into view. It is wielding a club.
The gnoll shouts!
Found a beef jerky.
The gnoll closely misses you.
An ooze, 3 orcs and an orc wizard come into view.
The ooze quivers.
The orc wizard shouts!
The orc shouts! x3
The ooze hits you but does no damage.
You see here a beef jerky.
The orc wizard gestures wildly while chanting.
The orc wizard seems to speed up.
The gnoll barely misses you.
The orc wizard gestures wildly while chanting.
The orc wizard flickers and vanishes!
Deactivating autopickup; reactivate with Ctrl-A.
You hit the ooze. You headbutt the ooze.
The ooze is severely wounded.
The ooze barely misses you.
Unknown command.
The gnoll hits you from afar with a halberd!
Ouch! That really hurt!
You die...

#.# ##.### .. #.# #..... #.
####.#### #..### ####.#
##.......# #..# .....
.........# #..# ###...#
#.......#####..### .......
####.................
.......###ggJ.......##########
#......o..###@.....†#####
#...#.o#.## ##....†.....# #
.....#.# #....r.###.#
....#.##.## ##...##.## ...
#.###.###.$..#...# ..
#..$<.........._... #
########.##.##...#.. ...##.#
#.##... ##..##.# ... .. #


You could see 2 gnolls, an ooze and a rat.

Vanquished Creatures
  A worm (D:3)
  A giant gecko (D:2)
  2 bats
  A giant cockroach (D:3)
  A hobgoblin (D:3)
  2 jackals (D:3)
  2 kobolds
10 creatures vanquished.

Notes
Turn   | Place    | Note
--------------------------------------------------------------
     0 | Abyss:1  | Implojin the Minotaur Abyssal Knight began the quest for the Orb.
     0 | Abyss:1  | Reached XP level 1. HP: 19/19 MP: 1/1
     7 | Abyss:1  | Found a corrupted altar of Lugonu.
    22 | D:1      | Escaped the Abyss
   110 | D:2      | Reached skill level 3 in Axes
   133 | D:3      | Reached XP level 2. HP: 10/26 MP: 2/2
   169 | D:3      | Found a sacrificial altar of Ru.
   197 | D:3      | Slain by a gnoll

Skill      XL: |  1 |
---------------+----+-----
Axes           | 3 |  3.7
Fighting       | |  3.6
Armour         | |  2.4
Dodging        | |  1.1
Invocations    | |  1.7

Action                   || total
-------------------------++-------
Melee: Hand axe          ||    26
       Headbutt          ||     5
Invok: Depart the Abyss  ||     1
Armor: Leather armour    ||     7
Dodge: Dodged            ||    18

Table legend:
 A = Turns spent in this place as a percentage of turns spent in the entire game.
 B = Non-inter-level travel turns spent in this place as a percentage of non-inter-level travel turns spent in the entire game.
 C = Inter-level travel turns spent in this place as a percentage of turns spent in this place.
 D = Turns resting spent in this place as a percentage of non-inter-level travel turns spent in this place.
 E = Turns spent auto-exploring this place as a percentage of non-inter-level travel turns spent in this place.
 F = Non-inter-level travel turns spent in this place divided by the number of levels of this place that you've seen.
                   A       B       C       D       E      F
               +-------+-------+-------+-------+-------+----------------------
         Total | 100.0 | 100.0 |   0.0 |   0.0 |   0.0 |  50.2
       Dungeon |  89.1 |  89.1 |   0.0 |   0.0 |   0.0 |  59.7
         Abyss |  10.9 |  10.9 |   0.0 |   0.0 |   0.0 |  22.0
               +-------+-------+-------+-------+-------+----------------------

Table legend:
 A = Kills in this place as a percentage of kills in entire the game.
 B = Kills by you in this place as a percentage of kills by you in the entire game.
 C = Kills by friends in this place as a percentage of kills by friends in the entire game.
 D = Other kills in this place as a percentage of other kills in the entire game.
 E = Experience gained in this place as a percentage of experience gained in the entire game.
 F = Experience gained in this place divided by the number of levels of this place that you have seen.
                   A       B       C       D       E      F
               +-------+-------+-------+-------+-------+----------------------
         Total | 100.0 | 100.0 |  -nan |  -nan | 100.0 |   5.8
       Dungeon | 100.0 | 100.0 |  -nan |  -nan | 100.0 |   7.7
               +-------+-------+-------+-------+-------+----------------------
